 Dungeon Crawl Stone Soup version 0.31-a0-369-g8eba5f6939 (webtiles) character file.

Game seed: 18169207543479713122

53533 RepHenryClay the Devastator (level 14, -3/68 HPs)
             Began as a Deep Elf Fire Elementalist on July 28, 2023.
             Was a High Priest of Vehumet.
             Shot with an arrow by Nessos (21 damage)
             ... on level 5 of the Lair of Beasts.
             The game lasted 00:53:06 (20463 turns).

RepHenryClay the Devastator (DEFE)                 Turns: 20463, Time: 00:53:07

Health: -3/68      AC: 10    Str:  5    XL:     14   Next: 31%
Magic:  21/43      EV: 20    Int: 24    God:    Vehumet [*****.]
Gold:   1031       SH:  8    Dex: 17    Spells: 22/42 levels left

rFire   + . .        a - +2 dagger (venom)
rCold   + . .        e - +2 buckler
rNeg    + + +        v - +2 robe {Will+}
rPois   .            d - +0 helmet
rElec   .            i - +0 cloak
rCorr   +            x - +2 pair of gloves
SInv    +            Q - +0 pair of boots of Noisoj {rC- rN+++ Regen+ SInv}
Will    ++...        p - amulet "Ahonov" {rC++ Regen+ rCorr}
Stlth   +++          B - ring of protection from fire
HPRegen 1.91/turn    j - ring "Zionk" {rCorr MP+9 Slay+6}
MPRegen 0.28/turn

%: no passive effects
@: lethally poisoned (-3 -> -15)
A: no striking features
a: Renounce Religion


You were on level 5 of the Lair of Beasts.
You worshipped Vehumet.
Vehumet was extremely pleased with you.
You visited 3 branches of the dungeon, and saw 18 of its levels.
You also visited: Bailey and Volcano.

You collected 1427 gold pieces.
You spent 396 gold pieces at shops.

Inventory:

Hand Weapons
 a - a +2 dagger of venom (weapon)
 t - a +2 falchion of draining
Missiles
 D - a throwing net
Armour
 d - a +0 helmet (worn)
 e - a +2 buckler (worn)
 i - a +0 cloak (worn)
 r - an orb of energy
 v - a +2 robe of willpower (worn)
 x - a +2 pair of gloves (worn)
 E - a +1 leather armour of cold resistance
 M - a +1 robe of cold resistance
 Q - the +0 pair of boots of Noisoj (worn) {rC- rN+++ Regen+ SInv}
   (You found it on level 3 of the Lair of Beasts)

   rC:        It makes you vulnerable to cold.
   rN:        It renders you almost immune to negative energy.
   SInv:      It lets you see invisible.
   Regen:     It increases your rate of health regeneration.
 S - a +3 leather armour of fire resistance
Jewellery
 j - the ring "Zionk" (right hand) {rCorr MP+9 Slay+6}
   (You acquired it on level 9 of the Dungeon)

   [ring of magical power]

   Slay:      It affects your accuracy & damage with ranged weapons and melee
   (+6).
   MP:        It affects your magic capacity (+9).
   rCorr:     It protects you from acid and corrosion.
 p - the amulet "Ahonov" (around neck) {rC++ Regen+ rCorr}
   (You found it on level 4 of the Dungeon)

   [amulet of regeneration]

   rC:        It greatly protects you from cold.
   Regen:     It increases your rate of health regeneration.
   rCorr:     It protects you from acid and corrosion.
 B - a ring of protection from fire (left hand)
 L - a ring of ice
 O - a ring of protection from cold
Wands
 n - a wand of polymorph (19)
 q - a wand of flame (17)
 w - a wand of digging (10)
 J - a wand of iceblast (18)
 N - a wand of paralysis (18)
Scrolls
 k - 8 scrolls of enchant weapon
 u - 8 scrolls of teleportation
 y - 3 scrolls of summoning
 I - 6 scrolls of enchant armour
 R - a scroll of revelation
 T - 2 scrolls of blinking
 V - a scroll of fear
Potions
 b - 7 potions of magic
 f - a potion of heal wounds
 m - 2 potions of haste
 o - 7 potions of curing
 s - 2 potions of enlightenment
 A - 2 potions of invisibility
 C - a potion of attraction
 F - 3 potions of brilliance
 G - 2 potions of mutation
 H - 2 potions of cancellation
 K - 2 potions of might {unknown}
 P - 4 potions of resistance {unknown}


   Skills:
 - Level 15.2 Dodging
 - Level 3.3 Stealth
 - Level 7.0 Shields
 + Level 14.7 Spellcasting
 - Level 15.9 Conjurations
 - Level 6.1 Translocations
 - Level 8.0 Fire Magic


You had 22 spell levels left.
You knew the following spells:

 Your Spells              Type           Power      Damage    Failure   Level
a - Foxfire               Conj/Fire      100%       2x1d9     1%          1
b - Scorch                Fire           100%       2d9       1%          2
c - Iskenderun's Mystic   Conj/Tloc      63%        2d13      1%          4
d - Freezing Cloud        Conj/Ice/Air   21%        6-21      4%          5
e - Flame Wave            Conj/Fire      66%        2d15      1%          4
f - Sticky Flame          Conj/Fire      66%        2d8       1%          4

Your spell library contained the following spells:

 Spells                   Type           Power      Damage    Failure   Level
 Plasma Beam              Fire/Air       18%        2x1d29    36%         6
 Apportation              Tloc           92%        N/A       1%          1
 Freeze                   Ice            68%        1d8       1%          1
 Blink                    Tloc           92%        N/A       1%          2
 Lesser Beckoning         Tloc           92%        N/A       1%          2
 Static Discharge         Conj/Air       100%       2-7/arc   1%          2
 Gell's Gravitas          Tloc           46%        N/A       1%          3
 Hailstorm                Conj/Ice       54%        3d12      1%          3
 Inner Flame              Hex/Fire       36%        N/A       1%          3
 Teleport Other           Tloc           46%        N/A       1%          3
 Volatile Blastmotes      Fire/Tloc      100%       2d18      1%          3
 Arcjolt                  Conj/Air       27%        1d37      1%          5
 Irradiate                Conj/Tmut      27%        3d20      1%          5
 Frozen Ramparts          Ice            34%        1d6       4%          3
 Portal Projectile        Hex/Tloc       64%        N/A       4%          3
 Vhi's Electric Charge    Tloc/Air       64%        N/A       4%          3
 Manifold Assault         Tloc           46%        N/A       4%          4
 Passage of Golubria      Tloc           46%        N/A       4%          4
 Ensorcelled Hibernation  Hex/Ice        34%        N/A       8%          2
 Wereblood                Tmut           17%        N/A       8%          2
 Airstrike                Air            8%         2d(2-18)  13%         4
 Call Canine Familiar     Summ           17%        N/A       16%         3
 Ozocubu's Armour         Ice            17%        N/A       16%         3
 Tukima's Dance           Hex            17%        N/A       16%         3
 Yara's Violent Unravell  Hex/Tmut       8%         3d5       34%         5
 Leda's Liquefaction      Hex/Erth       8%         N/A       45%         4
 Summon Lightning Spire   Summ/Air       17%        N/A       45%         4
 Alistair's Intoxication  Tmut/Pois      11%        N/A       82%         5
 Borgnjor's Vile Clutch   Necr/Erth      8%         N/A       82%         5
 Eringya's Noxious Bog    Tmut/Pois      8%         4d6       86%         6
 Infestation              Necr           8%         N/A       100%        8
 Maxwell's Capacitive Co  Air            8%         ∞         100%        8


Dungeon Overview and Level Annotations

Branches:
Dungeon (12/15)            Temple (1/1) D:7            Lair (5/5) D:8
 Shoals (0/4) Lair:3       Spider (0/4) Lair:2        Slime (0/5) Lair:4
    Orc (0/2) D:10         Bailey (visited)         Volcano (visited)

Altars:
Ashenzari
Cheibriados
Dithmenos
Elyvilon
Fedhas
Gozag
Hepliaklqana
Kikubaaqudgha
Makhleb
Nemelex Xobeh
Okawaru
Qazlal
Ru
Sif Muna
Trog
Uskayaw
Vehumet
Wu Jian
Xom
Yredelemnul
Zin
The Shining One
Jiyva

Shops:
D:5 *(=*   D:9 :

Annotations:
D:3 1 runed translucent door, Bediveer's ghost, amateur SpEn
Lair:4 1 runed translucent door
Lair:5 exclusions: oklob plant and 1 more exclusion, Nessos


Message History

Press: ? - help, Dir - move target Nessos is engulfed in freezing vapours.
Nessos shoots an arrow.
The arrow hits you! The arrow burns you.
You are poisoned.
Nessos is engulfed in freezing vapours.
Nessos shoots an arrow.
The arrow closely misses you.
Damage: -11%(-8hp) hp: 89%(60hp)
Found a glowing gold wand.
You feel very sick.
Nessos is engulfed in freezing vapours.
Nessos shoots an arrow.
The arrow hits you!! The arrow burns you.
You are more poisoned.
The eight-headed hydra is engulfed in freezing vapours.
Huge Dmg: -31%(-21hp) hp: 58%(39hp)
Casting: Freezing Cloud (dangerous; 4% risk of failure)
Confirm with . or Enter, or press ? or * to list all spells.
You erupt in a blast of force!
The mystic blast hits Nessos!
Nessos is heavily wounded.
Nessos is knocked back by the mystic blast.
The mystic blast hits the eight-headed hydra.
The eight-headed hydra is almost dead.
The eight-headed hydra is knocked back by the mystic blast.
You feel very sick.
Nessos shoots an arrow.
You block the arrow.
Damage: -5%(-3hp) hp: 53%(36hp)
Casting: Iskenderun's Mystic Blast (safe; 1% risk of failure)
Confirm with . or Enter, or press ? or * to list all spells.
Aiming: Freezing Cloud (dangerous; 4% risk of failure)
Press: ? - help, Dir - move target, f - Nessos
Aim: Nessos, wielding a +3 longbow of flaming and wearing a +1 barding (heavily wounded)
You feel very sick.
Nessos is engulfed in freezing vapours.
Nessos shoots an arrow.
The arrow hits you!
* * * LOW HITPOINT WARNING * * *
The arrow burns you.
You are more poisoned.
* * * LOW HITPOINT WARNING * * *
Nessos is engulfed in freezing vapours.
Nessos shoots an arrow.
The arrow hits you!!
You die...

.........................
.........................
.........................
P........................
##.......................
........................÷
##.......................
.##...............######.
.......@.........## #####
.§..§§§.........###.#P..#
?.§§☼§§.○§D...####.......
#.§c○§§§§§§§§§# #..#.#...
##§§§§.§§§§§§## Y........
###....§§§○§# .#....
..........# #....
#../.......# ##### #...#


You could see Nessos and an eight-headed hydra (slow).

Vanquished Creatures
  Fannar (D:10)
  2 hydras (Lair:5)
  5 two-headed ogres
  8 death yaks
  A hell hog (Volcano)
  A fire crab (Lair:5)
  An orb spider (Lair:2)
  2 lindwurms (Lair:5)
  Pikel (D:9)
  3 orc knights (Bailey)
  2 harpies (Lair:3)
  A cyclops (D:10)
  10 elephants (Lair:5)
  Joseph (D:7)
  5 black mambas
  A torpor snail (Lair:5)
  7 cane toads
  A gargoyle (D:10)
  An unseen horror (D:11)
  8 komodo dragons
  3 rime drakes
  2 trolls
  3 hornets
  Grinder (D:6)
  Prince Ribbit (D:6)
  2 dream sheep (Lair:5)
  16 blink frogs
  Sigmund (D:2)
  A vampire (D:11)
  3 wyverns
  4 basilisks
  49 yaks
  3 fire bats (Lair:1)
  5 steam dragons
  2 acid dragons
  15 water moccasins
  2 hell hounds (Volcano)
  3 ice beasts
  2 sky beasts
  10 orc warriors
  3 black bears
  4 centaurs
  6 wolves
  3 ogres
  2 lemures (D:9)
  4 phantoms
  4 kobold brigands
  11 bullfrogs
  2 gnoll sergeants
  3 scorpions
  8 killer bees
  6 howler monkeys
  An electric eel (Lair:1)
  A gnoll bouda (D:7)
  3 hounds
  4 orc priests
  A sleepcap (D:8)
  2 iguanas
  Terence (D:1)
  6 orc wizards
  Natasha (thrice) (D:2)
  3 hell rats
  11 gnolls
  7 adders
  A river rat (D:8)
  A white imp (D:7)
  3 dart slugs
  54 orcs
  2 ball pythons
  7 endoplasms
  5 giant cockroaches
  18 goblins
  12 hobgoblins
  4 jackals (D:4)
  6 quokkas
  11 bats
  4 frilled lizards
  33 kobolds
  10 rats
460 creatures vanquished.

Vanquished Creatures (collateral kills)
  4 foxfires
4 creatures vanquished.

Vanquished Creatures (others)
  1188 foxfires
1188 creatures vanquished.

Grand Total: 1652 creatures vanquished

Notes
Turn   | Place    | Note
-------+----------+-------------------------------------------
     0 | D:1      | RepHenryClay the Deep Elf Fire Elementalist began the quest
                  | for the Orb.
     0 | D:1      | Reached XP level 1. HP: 10/10 MP: 6/6
   375 | D:1      | Reached XP level 2. HP: 15/15 MP: 4/8
   768 | D:1      | Found a faded altar of an unknown god.
   877 | D:1      | Reached XP level 3. HP: 19/19 MP: 5/9
  1564 | D:2      | Found an ornate altar of the Wu Jian Council.
  1711 | D:2      | Noticed Terence
  1750 | D:1      | Learned a level 2 spell: Scorch
  1765 | D:1      | Killed Terence
  1766 | D:1      | Reached XP level 4. HP: 13/24 MP: 5/11
  1931 | D:2      | Noticed Sigmund
  1936 | D:2      | Killed Sigmund
  1937 | D:2      | Reached XP level 5. HP: 23/28 MP: 5/12
  2073 | D:2      | Got the Excursus on the White Undead
  2078 | D:2      | Noticed Natasha
  2083 | D:2      | Killed Natasha
  2084 | D:2      | Reached skill level 5 in Conjurations
  2210 | D:2      | Noticed Natasha
  2212 | D:2      | Killed Natasha
  2213 | D:2      | Reached XP level 6. HP: 32/32 MP: 8/13
  2332 | D:2      | Noticed Natasha
  2441 | D:2      | Killed Natasha
  3189 | D:3      | Identified the +4 leather armour of Viriricu {Regen+}
  3418 | D:3      | Found a runed translucent door.
  3418 | D:3      | Noticed Bediveer's ghost (amateur SpEn)
  3701 | D:4      | Identified the +6 sling "Ezouc" {drain, rF+ SInv}
  3720 | D:4      | Reached skill level 5 in Fire Magic
  3874 | D:4      | Noticed a steam dragon
  3886 | D:4      | Killed a steam dragon
  3887 | D:4      | Reached XP level 7. HP: 3/36 MP: 1/14
  4182 | D:4      | Identified the amulet "Ahonov" {rC++ Regen+ rCorr}
  4713 | D:5      | Entered Level 5 of the Dungeon
  4930 | D:5      | Reached XP level 8. HP: 41/41 MP: 10/15
  5192 | D:5      | Found Jexzilam's Weapon Emporium.
  5282 | D:5      | Found Gicau's Jewellery Boutique.
  5382 | D:5      | Found Omnazxung's General Store.
  5434 | D:5      | Bought a scroll of teleportation for 30 gold pieces
  5434 | D:5      | Bought a potion of lignification for 30 gold pieces
  5518 | D:5      | Found Emiuxken's Assorted Antiques.
  5827 | D:5      | Learned a level 4 spell: Iskenderun's Mystic Blast
  5830 | D:5      | Learned a level 2 spell: Lesser Beckoning
  5949 | D:6      | Reached skill level 1 in Translocations
  6190 | D:5      | Reached XP level 9. HP: 42/45 MP: 3/16
  6339 | D:6      | Reached skill level 5 in Translocations
  6424 | D:6      | Noticed Grinder
  6435 | D:6      | Killed Grinder
  6890 | D:6      | Noticed Prince Ribbit
  6915 | D:6      | Killed Prince Ribbit
  7030 | D:6      | Reached skill level 5 in Dodging
  7186 | D:7      | Found a staircase to the Ecumenical Temple.
  7225 | Temple   | Entered the Ecumenical Temple
  7241 | Temple   | Became a worshipper of Vehumet
  7391 | D:7      | Paralysed by a hornet for 2 turns
  7496 | D:7      | Learned a level 4 spell: Flame Wave
  7566 | D:7      | Reached skill level 10 in Conjurations
  8036 | D:7      | Noticed Joseph
  8092 | D:7      | Killed Joseph
  8093 | D:7      | Reached XP level 10. HP: 33/50 MP: 5/17
  8546 | D:8      | Noticed a death yak
  8547 | D:8      | Noticed a death yak
  8575 | D:7      | Killed a death yak
  8977 | D:8      | Paralysed by a hornet for 1 turns
  9058 | D:8      | Found a broken altar of Ashenzari.
  9062 | D:8      | Found a glowing golden altar of the Shining One.
  9062 | D:8      | Found a bloodstained altar of Trog.
  9062 | D:8      | Found a white marble altar of Elyvilon.
  9066 | D:8      | Reached * piety under Vehumet
  9066 | D:8      | Offered knowledge of Sandblast by Vehumet.
  9121 | D:8      | Noticed a death yak
  9165 | D:9      | Identified a scroll of acquirement
  9165 | D:9      | Acquired the ring "Zionk" {rCorr MP+9 Slay+6}
  9305 | D:9      | Noticed Pikel
  9338 | D:9      | Killed Pikel
  9403 | D:9      | Found a flagged portal.
  9412 | Bailey   | Entered a bailey
  9529 | Bailey   | Offered knowledge of Static Discharge by Vehumet.
  9580 | Bailey   | Reached XP level 11. HP: 54/54 MP: 18/18
  9597 | Bailey   | Noticed an orc knight
  9620 | Bailey   | Reached ** piety under Vehumet
  9694 | Bailey   | Noticed an orc knight
  9711 | Bailey   | Killed an orc knight
  9866 | Bailey   | Killed an orc knight
 10074 | Bailey   | Noticed an orc knight
 10099 | Bailey   | Killed an orc knight
 10518 | D:9      | Found Biwkuw's Book Shoppe.
 10939 | D:9      | Bought a book of Flames for 336 gold pieces
 10944 | D:9      | Learned a level 4 spell: Sticky Flame
 11028 | D:10     | Entered Level 10 of the Dungeon
 11734 | D:10     | Reached XP level 12. HP: 45/59 MP: 19/19
 12237 | D:10     | Found a staircase to the Orcish Mines.
 12240 | D:10     | Noticed Fannar
 12271 | D:10     | Killed Fannar
 12434 | D:10     | Offered knowledge of Searing Ray by Vehumet.
 12791 | D:11     | Reached *** piety under Vehumet
 13183 | D:11     | Noticed a two-headed ogre
 13190 | D:11     | Killed a two-headed ogre
 13191 | D:11     | Reached skill level 15 in Conjurations
 13465 | D:9      | Killed a death yak
 13541 | D:9      | Offered knowledge of Airstrike by Vehumet.
 13835 | D:8      | Killed a death yak
 14001 | D:8      | Found a staircase to the Lair.
 14373 | D:8      | Found a staircase to the Lair.
 14504 | D:8      | Found a broken altar of Ashenzari.
 14508 | D:8      | Found a glowing golden altar of the Shining One.
 14508 | D:8      | Found a bloodstained altar of Trog.
 14508 | D:8      | Found a white marble altar of Elyvilon.
 15014 | Lair:1   | Entered Level 1 of the Lair of Beasts
 15256 | Lair:1   | Reached **** piety under Vehumet
 15258 | Lair:1   | Reached skill level 15 in Dodging
 15262 | Lair:1   | Offered knowledge of Freezing Cloud by Vehumet.
 15461 | Lair:1   | Reached skill level 1 in Shields
 15463 | Lair:1   | Found a dark tunnel.
 15472 | Volcano  | Entered a volcano
 15597 | Volcano  | Noticed a two-headed ogre
 15597 | Volcano  | Noticed a two-headed ogre
 15597 | Volcano  | Noticed a two-headed ogre
 15602 | Volcano  | Killed a two-headed ogre
 15604 | Volcano  | Killed a two-headed ogre
 15605 | Volcano  | Killed a two-headed ogre
 15677 | Volcano  | Noticed a two-headed ogre
 15684 | Volcano  | Killed a two-headed ogre
 15685 | Volcano  | Reached XP level 13. HP: 63/63 MP: 17/20
 16532 | Lair:2   | Learned a level 5 spell: Freezing Cloud
 16564 | Lair:2   | Found a hole to the Spider Nest.
 16644 | Lair:2   | Reached skill level 5 in Spellcasting
 17529 | Lair:3   | Found a staircase to the Shoals.
 17748 | Lair:3   | Reached skill level 5 in Shields
 17751 | Lair:3   | Identified the +0 pair of boots of Noisoj {rC- rN+++ Regen+
                  | SInv}
 18784 | Lair:4   | Reached ***** piety under Vehumet
 18818 | Lair:4   | Offered knowledge of Plasma Beam by Vehumet.
 18841 | Lair:4   | Reached skill level 10 in Spellcasting
 19202 | Lair:4   | Found a runed translucent door.
 19203 | Lair:4   | Found a viscous altar of Jiyva.
 19288 | Lair:4   | Found a staircase to the Slime Pits.
 19426 | Lair:5   | Entered Level 5 of the Lair of Beasts
 19652 | Lair:5   | Reached XP level 14. HP: 68/68 MP: 21/32
 19764 | Lair:5   | Found a sacrificial altar of Ru.
 20457 | Lair:5   | Noticed Nessos
 20463 | Lair:5   | Shot with an arrow by Nessos

Illustrated notes

Levels and vault maps discovered:
D:1:      dpeg_arrival_water_fire, layout_loops_corners,
          dreamdust_ecumenical_altar_grove
D:2:      layout_loops_ring, basic_altar, uniq_terence, uniq_natasha,
          uniq_sigmund
D:3:      layout_basic, gammafunk_ghost_grave, minmay_ogre_servants
D:4:      layout_loops_ring, uniq_menkaure
D:5:      layout_loops_ring, serial_shops, shop, nicolae_shop_trees,
          nicolae_shop_behind_doors, nicolae_shop_window_shopping,
          kennysheep_cross_room
D:6:      layout_basic, uniq_prince_ribbit1, uniq_grinder
D:7:      layout_gridville, temple_statues, uniq_joseph
D:8:      layout_basic, minitemple, dpeg_lair_monsters, roderic_serpentine_path,
          minmay_misc_feat_enclosed
D:9:      layout_stronghold, enter_bailey_2, serial_shops, shop,
          nicolae_sextant, uniq_pikel
D:10:     layout_stronghold, minmay_orc_entry_temple_small, uniq_fannar
D:11:     layout_roguey, grunt_decor_cap
D:12:     layout_stronghold, uniq_urug, uniq_snorg
Temple:   regret_index_temple_mists
Lair:1:   layout_hall_layers, nicolae_volcano_entry_batcave,
          serial_bayou_shore_a
Lair:2:   layout_loops_ring, nicolae_spider_entry_orb_guardian,
          serial_bayou_pond_b, chequers_serial_rivers_room_b, minivault_27
Lair:3:   layout_regular_city, nicolae_shoals_entry_roost,
          infiniplex_staircase_pool
Lair:4:   layout_hall_layers, slime_entry_2, minmay_hedge_maze,
          serial_bayou_pond_d, infiniplex_staircase_pool_2
Lair:5:   wormcave, layout_small_grid, hangedman_lair_in_review,
          ebering_ghost_funeral_grove, lemuel_oklob_altar, uniq_nessos

Skill      XL: |  1  2  3  4  5  6  7  8  9 10 11 12 13 14 |
---------------+-------------------------------------------+-----
Stealth        | 3 |  3.3
Dodging        | 3 7 12 13 15 | 15.2
Conjurations   | 2 4 5 6 7 8 10 13 14 15 | 15.9
Fire Magic     | 4 5 6 8 |  8.0
Translocations | 4 6 |  6.1
Shields        | 4 7 |  7.0
Spellcasting   | 12 14 | 14.7

Action                     |  1- 3 |  4- 6 |  7- 9 | 10-12 | 13-15 || total
---------------------------+-------+-------+-------+-------+-------++-------
  Melee: Dagger            |    30 |     1 |    59 |    31 |    33 ||   154
         Punch             |       |       |       |       |     1 ||     1
   Cast: Foxfire           |    64 |    46 |   149 |   233 |   198 ||   690
         Scorch            |     4 |    36 |    98 |   105 |    33 ||   276
         Iskenderun's Myst |       |       |     2 |    60 |    78 ||   140
         Flame Wave        |       |       |       |    11 |     2 ||    13
         Sticky Flame      |       |       |       |    14 |     6 ||    20
         Freezing Cloud    |       |       |       |       |    20 ||    20
  Evoke: Wand              |       |       |       |    13 |     2 ||    15
    Use: Potion            |     2 |       |     1 |     4 |       ||     7
         Scroll            |     1 |       |     1 |    11 |     9 ||    22
   Stab: Sleeping          |     4 |     1 |       |     3 |     1 ||     9
 Armour: Robe              |    14 |    10 |    41 |    18 |    17 ||   100
         Skin              |       |       |     4 |       |       ||     4
         Leather armour    |       |       |       |     2 |     6 ||     8
  Dodge: Dodged            |    20 |    17 |    90 |   175 |   127 ||   429
  Block: Buckler           |       |       |       |       |    42 ||    42

Table legend: (Time is in decaauts)
 A = Elapsed time spent in this place.
 B = Non-inter-level travel time spent in this place.
 C = Inter-level travel time spent in this place.
 D = Time resting spent in this place.
 E = Time spent auto-exploring this place.
 F = Levels seen in this place.
 G = Mean time per level.
                   A        B        C        D        E       F      G
               +--------+--------+--------+--------+--------+-----+--------+
         Total |  20512 |  19509 |   1003 |   1609 |  14189 |  20 | 1025.6 |
       Dungeon |  14275 |  13502 |    773 |    820 |  10483 |  12 | 1189.6 |
        Temple |     43 |      2 |     41 |      0 |      0 |   1 |   43.0 |
          Lair |   4907 |   4719 |    188 |    617 |   3030 |   5 |  981.4 |
        Bailey |    834 |    834 |      0 |     43 |    550 |   1 |  834.0 |
       Volcano |    451 |    451 |      0 |    129 |    126 |   1 |  451.0 |
               +--------+--------+--------+--------+--------+-----+--------+

Top non-repeatable levels by time:
     D:8: 2004 daAuts
     D:1: 1523 daAuts
     D:9: 1454 daAuts
    D:10: 1412 daAuts
     D:7: 1384 daAuts
     D:5: 1319 daAuts
     D:6: 1204 daAuts
     D:3: 1183 daAuts
  Lair:4: 1092 daAuts
  Lair:2: 1057 daAuts
     D:2: 1030 daAuts
  Lair:3: 973 daAuts
     D:4: 967 daAuts
  Lair:1: 900 daAuts
  Lair:5: 884 daAuts
